 Dungeon Crawl Stone Soup version 0.29.0 (webtiles) character file.

Game seed: 2924599737383598325

1138 mattm the Fighter (level 8, -8/74 HPs)
             Began as a Hill Orc Cinder Acolyte on Sept 11, 2022.
             Was an Elder of Ignis.
             Mangled by an orc warrior
             ... wielding a +0 glaive of venom
              (12 damage)
             ... on level 6 of the Dungeon.
             The game lasted 00:11:24 (6060 turns).

mattm the Fighter (Hill Orc Cinder Acolyte)         Turns: 6060, Time: 00:11:24

Health: -8/74      AC: 10    Str: 19    XL:     8   Next: 37%
Magic:  9/9        EV:  9    Int: 14    God:    Ignis [****..]
Gold:   375        SH:  3    Dex:  6    Spells: 9/9 levels left

rFire   + . .      SeeInvis +   n - +2 hand axe (vorpal)
rCold   . . .      Faith    .   u - +0 buckler
rNeg    . . .      Spirit   .   h - +0 scale mail
rPois   .          Reflect  .   (no helmet)
rElec   .          Harm     .   i - +0 cloak
rCorr   .          Rampage  .   f - +0 pair of gloves
Will    .....                   (no boots)
Stlth   ..........              (no amulet)
HPRegen 0.22/turn               l - ring of see invisible
MPRegen 0.11/turn               (no ring)

@: mighty, lethally poisoned (-8 -> -35)
A: no striking features
a: Renounce Religion, Fiery Armour, Foxfire Swarm, Rising Flame


You were on level 6 of the Dungeon.
You worshipped Ignis.
Ignis was greatly pleased with you.
You visited 1 branch of the dungeon, and saw 6 of its levels.

You collected 375 gold pieces.

Inventory:

Hand Weapons
 a - a -1 hand axe of flaming
 m - the +0 dagger "Ythril" {drain, rC+}
   (You found it on level 2 of the Dungeon)

   A truly terrible weapon, it drains the life of any living foe it strikes.
   rC:        It protects you from cold.
 n - a +2 vorpal hand axe (weapon)
Armour
 b - a +0 robe
 f - a +0 pair of gloves (worn)
 h - a +0 scale mail (worn)
 i - a +0 cloak (worn)
 o - a +0 ring mail
 u - a +0 buckler (worn)
Jewellery
 g - an amulet of magic regeneration
 l - a ring of see invisible (left hand)
 t - a ring of flight
Wands
 A - a wand of roots (9)
Scrolls
 c - 6 scrolls of vulnerability
 j - a scroll of teleportation
 k - a scroll of brand weapon
 x - a scroll of immolation {unknown}
 y - a scroll of silence {unknown}
 z - a scroll of amnesia {unknown}
 B - a scroll of enchant weapon {unknown}
Potions
 d - a potion of might
 e - a potion of curing {unknown}
 p - a potion of degeneration
 q - 3 potions of invisibility
 r - a potion of brilliance {unknown}
 s - a potion of ambrosia {unknown}
 v - 2 potions of mutation
 w - a potion of lignification {unknown}


   Skills:
 - Level 8.0 Fighting
 - Level 4.0 Axes
 - Level 8.0 Armour
 + Level 1.8 Shields
 - Level 1.0 Spellcasting
 - Level 3.2 Fire Magic


You had 9 spell levels left.
You didn't know any spells.
Your spell library contained the following spells:

 Spells                   Type           Power      Damage    Failure   Level
 Scorch                   Fire           18%        2d5       36%         2
 Necrotise                Necr           0%         1d4       67%         1
 Sting                    Tmut/Pois      0%         1d3       67%         1
 Poisonous Vapours        Pois/Air       0%         N/A       80%         2
 Gell's Gravitas          Tloc           0%         N/A       95%         3
 Teleport Other           Tloc           0%         N/A       95%         3
 Vampiric Draining        Necr           0%         2d6       95%         3
 Olgreb's Toxic Radiance  Pois           0%         N/A       100%        4
 Agony                    Necr           0%         N/A       100%        5
 Summon Forest            Summ/Tloc      0%         N/A       100%        5
 Dispersal                Tloc           0%         N/A       100%        6
 Eringya's Noxious Bog    Tmut/Pois      0%         N/A       100%        6
 Summon Hydra             Summ           0%         N/A       100%        7


Dungeon Overview and Level Annotations

Branches:
Dungeon (6/15)
 Temple: D:4-7

Altars:
Makhleb
Okawaru
Trog
Uskayaw
Zin

Shops:
D:5 =

Annotations:
D:3 2 runed translucent doors, brinewave's ghost, amateur NaVM


Message History

B - a scroll labelled CUEDAG DAESAIT An orc warrior is nearby!
The orc warrior hits you but does no damage.
You are poisoned.
You closely miss the orc warrior.
You feel sick.
The orc warrior hits you with a +0 glaive of venom!
You hit the orc warrior.
The orc warrior is lightly wounded.
You feel sick.
The orc warrior hits you with a +0 glaive of venom!
You are more poisoned.
You hit the orc warrior but do no damage.
The orc warrior is lightly wounded.
You feel very sick. You block the orc warrior's attack.
You hit the orc warrior but do no damage.
The orc warrior is lightly wounded.
You feel sick.
The orc warrior hits you with a +0 glaive of venom!
You are more poisoned.
You hit the orc warrior but do no damage.
The orc warrior is lightly wounded.
You feel extremely sick.
The orc warrior hits you with a +0 glaive of venom.
You slash the orc warrior!
The orc warrior is heavily wounded.
* * * LOW HITPOINT WARNING * * *
You feel extremely sick.
The orc warrior hits you with a +0 glaive of venom.
* * * LOW HITPOINT WARNING * * *
You are more poisoned.
The orc warrior misses you.
Okay, then.
Okay, then.
Okay, then.
You feel very mighty all of a sudden.
* * * LOW HITPOINT WARNING * * *
You feel extremely sick.
The orc warrior hits you with a +0 glaive of venom!
You die...

#...........#..##
#########..<.........##
....................####
############...........#
####<)### ##........#...
#.......## ###......#
... #........## ##.#...#
#. #..o[...... #.###.#
........... #@# .#
............ #o#
o..........o. #.#
.............. #.#
...............#.#
#................#
#.##...##o##.....# ...
#### ..#.....# .#..
#........


You could see an orc warrior.

Vanquished Creatures
  2 water moccasins (D:5)
  An ice beast (D:5)
  2 black bears
  A centaur (D:6)
  A phantom (D:4)
  3 scorpions
  A jelly (D:4)
  A hound (D:5)
  4 iguanas
  Robin (D:3)
  4 adders
  An ufetubus (D:5)
  3 worms
  4 dart slugs
  11 orcs
  2 ball pythons
  6 endoplasms
  5 giant cockroaches
  14 goblins
  10 hobgoblins
  7 jackals (D:1)
  3 quokkas
  4 bats
  4 frilled lizards
  7 kobolds
  6 rats
108 creatures vanquished.

Vanquished Creatures (others)
  4 fungi (D:4)
  3 plants (D:6)
7 creatures vanquished.

Grand Total: 115 creatures vanquished

Notes
Turn   | Place    | Note
-------+----------+-------------------------------------------
     0 | D:1      | mattm the Hill Orc Cinder Acolyte began the quest for the
                  | Orb.
     0 | D:1      | Reached XP level 1. HP: 19/19 MP: 2/2
   304 | D:1      | Reached XP level 2. HP: 25/27 MP: 3/3
   806 | D:1      | Reached XP level 3. HP: 23/35 MP: 4/4
   810 | D:1      | Reached skill level 5 in Fighting
  1369 | D:2      | Identified the +0 dagger "Ythril" {drain, rC+}
  1802 | D:2      | Reached XP level 4. HP: 34/44 MP: 5/5
  1982 | D:3      | Found a faded altar of an unknown god.
  2176 | D:3      | Found a large runed translucent door.
  2199 | D:3      | Found a large runed translucent door.
  2205 | D:3      | Noticed brinewave's ghost (amateur NaVM)
  2455 | D:3      | Noticed Robin
  2463 | D:3      | Killed Robin
  2687 | D:3      | Found a hide-covered altar of Uskayaw.
  2989 | D:4      | Reached XP level 5. HP: 31/51 MP: 6/6
  3221 | D:4      | Found an iron altar of Okawaru.
  3803 | D:4      | Noticed a phantom
  3817 | D:4      | Found a burning altar of Makhleb.
  3818 | D:4      | Killed a phantom
  3819 | D:4      | Reached skill level 1 in Armour
  3819 | D:4      | Reached XP level 6. HP: 54/61 MP: 7/7
  4239 | D:4      | Found a bloodstained altar of Trog.
  4331 | D:5      | Entered Level 5 of the Dungeon
  4375 | D:5      | Noticed an ice beast
  4600 | D:5      | Killed an ice beast
  4618 | D:5      | Reached XP level 7. HP: 68/68 MP: 8/8
  4724 | D:5      | Found Eciewesk's Jewellery Shop.
  4827 | D:5      | Reached skill level 5 in Armour
  5295 | D:5      | Found a glowing silver altar of Zin.
  5460 | D:5      | Reached XP level 8. HP: 43/74 MP: 9/9
  5923 | D:6      | Reached skill level 1 in Shields
  6060 | D:6      | Mangled by an orc warrior

Illustrated notes

Levels and vault maps discovered:
D:1:      co_arrival_square_in_a_square_in_a_square, layout_loops_ring,
          minmay_indecisive_spiral
D:2:      layout_basic
D:3:      layout_basic, mainiacjoe_overflow_alcove_2,
          shapermc_ecumenical_altar_starsandcircs, ebering_ghost_disaster_area,
          minmay_misc_feat_room, uniq_robin
D:4:      layout_loops_corners, trog_book, mainiacjoe_overflow_boulevard,
          mainiacjoe_overflow_catwalk, kennysheep_generic_room_7
D:5:      layout_loops_ring, zin_statuary, serial_shops, nicolae_shop_trees
D:6:      layout_cave_pods, grunt_gozag_statues, minmay_temple_entry_slanted,
          grunt_ministairs_11, wad_floor_pattern_untrapped,
          minmay_misc_feat_tower, chequers_serial_rivers_marsh,
          chequers_big_river

Skill      XL: |  1  2  3  4  5  6  7  8 |
---------------+-------------------------+-----
Fighting       | 4 5 6 8 |  8.0
Armour         | 1 4 7 8 |  8.0
Shields        | 1 |  1.8
Axes           | |  4.0
Spellcasting   | |  1.0
Fire Magic     | |  3.2

Action                   |  1- 3 |  4- 6 |  7- 9 || total
-------------------------+-------+-------+-------++-------
Melee: Hand axe          |   132 |   149 |    90 ||   371
       Punch             |     1 |     1 |       ||     2
Invok: Fiery Armour      |       |     3 |       ||     3
  Use: Scroll            |       |       |     7 ||     7
       Potion            |       |       |     1 ||     1
Armor: Robe              |     3 |       |       ||     3
       Scale mail        |    44 |    45 |    68 ||   157
Dodge: Dodged            |    58 |    65 |    54 ||   177
Block: Buckler           |       |     4 |    15 ||    19
